 Dungeon Crawl Stone Soup version 0.29.1-15-g9cfb28693d (webtiles) character file.

Game seed: 11005757973051561301

325 Mysteryquy the Sneak (level 6, -3/33 HPs)
             Began as a Kobold Enchanter on Apr 26, 2023.
             Succumbed to a goblin's poison
             ... on level 3 of the Dungeon.
             The game lasted 00:06:05 (2874 turns).

Mysteryquy the Sneak (Kobold Enchanter)             Turns: 2874, Time: 00:06:06

Health: -3/33      AC:  4    Str:  5    XL:     6   Next: 78%
Magic:  9/9        EV: 15    Int: 17    God:
Gold:   126        SH:  0    Dex: 17    Spells: 8/10 levels left

rFire   . . .      SeeInvis .   f - +1 dagger (drain)
rCold   . . .      Faith    .   (no shield)
rNeg    . . .      Spirit   .   b - +0 robe
rPois   .          Reflect  .   (no helmet)
rElec   .          Harm     .   (no cloak)
rCorr   .          Rampage  .   l - +1 pair of gloves {Stlth+}
Will    .....                   (no boots)
Stlth   ++++++....              (no amulet)
HPRegen 0.11/turn               (no ring)
MPRegen 0.11/turn               (no ring)

@: lethally poisoned (-3 -> -23), about to teleport, attractive
A: small, no large weapons, nightstalker 3
a: no special abilities


You were on level 3 of the Dungeon.
You visited 1 branch of the dungeon, and saw 3 of its levels.

You collected 126 gold pieces.

Inventory:

Hand Weapons
 a - a +1 dagger
 f - a +1 dagger of draining (weapon)
Armour
 b - a +0 robe (worn)
 l - a +1 pair of gloves of stealth (worn)
Wands
 m - a wand of mindburst (17)
Scrolls
 d - a scroll of teleportation
 h - a scroll of fog {unknown}
 i - a scroll of amnesia {unknown}
 k - a scroll of immolation {unknown}
 n - a scroll of poison {unknown}
 q - a scroll of identify {unknown}
 s - a scroll of magic mapping {unknown}
 u - a scroll of blinking {unknown}
Potions
 c - 2 potions of invisibility
 e - a potion of attraction
 g - 2 potions of curing {unknown}
 j - a potion of degeneration {unknown}
 o - a potion of brilliance {unknown}
 p - a potion of resistance {unknown}
 r - 2 potions of flight {unknown}
 t - a potion of might {unknown}


   Skills:
 + Level 0.4 Fighting
 + Level 3.7 Short Blades
 + Level 3.2 Dodging
 + Level 7.9 Stealth
 + Level 2.5 Spellcasting
 + Level 3.4 Hexes
 + Level 0.5 Ice Magic


You had 8 spell levels left.
You knew the following spells:

 Your Spells              Type           Power      Damage    Failure   Level
a - Ensorcelled Hibernat  Hex/Ice        16%        N/A       12%         2

Your spell library contained the following spells:

 Spells                   Type           Power      Damage    Failure   Level
 Confusing Touch          Hex            13%        N/A       13%         3
 Tukima's Dance           Hex            13%        N/A       13%         3
 Dazzling Flash           Conj/Hex       16%        N/A       26%         3
 Portal Projectile        Hex/Tloc       16%        N/A       26%         3
 Call Canine Familiar     Summ           2%         N/A       50%         3
 Conjure Flame            Conj/Fire      2%         6-21      50%         3
 Ignite Poison            Fire/Tmut/Pois 2%         N/A       50%         3
 Leda's Liquefaction      Hex/Erth       4%         N/A       65%         4
 Sticky Flame             Conj/Fire      2%         2d3       88%         4


Dungeon Overview and Level Annotations

Branches:
Dungeon (3/15)

Altars:
Qazlal

Annotations:
D:3 1 runed translucent door, Robin; twifor's ghost, amateur FoHu


Innate Abilities, Weirdness & Mutations

You are small and have problems with some larger weapons.
You are completely attuned to the shadows.


Message History

The goblin is heavily wounded.
The goblin hits you but does no damage.
Robin roars a battlecry!
The goblins go into a battle-frenzy!
You hit the goblin.
You kill the goblin!
You hit the goblin but do no damage. You drain the goblin.
The goblin is heavily wounded.
The goblin completely misses you.
You hit the goblin.
You kill the goblin!
Robin throws the goblin at you! The goblin closely misses you.
You closely miss the goblin.
The goblin hits you with a +1 dagger of venom.
You are poisoned.
The goblin barely misses you.
You barely miss the goblin.
You feel very sick.
You hit the goblin.
You kill the goblin!
You feel sick. The goblin misses you.
You feel sick.
Things that are here:
a +0 club; a goblin corpse You feel sick.
As you read the scroll labelled KOTHONUUDI, it crumbles to dust.
You feel strangely unstable.
It was a scroll of teleportation.
You feel sick.
The goblin hits you with a +1 dagger of venom.
You are lethally poisoned!
* * * LOW HITPOINT WARNING * * *
You feel very sick. The goblin attacks as you move away!
The goblin hits you with a +1 dagger of venom.
* * * LOW HITPOINT WARNING * * *
You are more poisoned.
* * * LOW HITPOINT WARNING * * *
You feel very sick.
It was a potion of attraction.
You feel attractive to monsters.
You die...

#.))§~...###.....#
#.##
...§§.~.##......## #.#
...)............####.#
....)#####...........#
####)# #...........#
#g# ##..)........#
#g###.#......####.##
#)#...#######..>...#
#.#@..# #......#
#.g...# #......#
#.#...# #......#
#.###.# #......# ..#
.# .......# ...
...##.## ....#.##
##....## ##...##


You could see a goblin (strong).

Vanquished Creatures
  A kobold brigand (D:3)
  An orc wizard (D:3)
  A hound skeleton (D:2)
  9 gnolls
  2 adders
  2 adder zombies (D:2)
  An adder skeleton (D:2)
  A dart slug (D:1)
  8 orcs (D:3)
  5 bats
  A bat zombie (D:2)
  6 endoplasms
  3 giant cockroaches
  17 goblins
  A hobgoblin (D:3)
  2 jackals (D:1)
  3 quokkas
  7 ball pythons
  2 ball python zombies (D:2)
  3 frilled lizards
  4 giant cockroach zombies (D:2)
  A jackal zombie (D:2)
  14 kobolds
  4 rats
99 creatures vanquished.

Vanquished Creatures (others)
  2 goblins (D:3)
  A withered plant (D:2)
3 creatures vanquished.

Grand Total: 102 creatures vanquished

Notes
Turn   | Place    | Note
-------+----------+-------------------------------------------
     0 | D:1      | Mysteryquy the Kobold Enchanter began the quest for the
                  | Orb.
     0 | D:1      | Reached XP level 1. HP: 10/10 MP: 3/3
   148 | D:1      | Reached XP level 2. HP: 15/15 MP: 5/5
   537 | D:1      | Reached XP level 3. HP: 19/19 MP: 6/6
   781 | D:1      | Learned a level 2 spell: Ensorcelled Hibernation
  1113 | D:2      | Reached skill level 5 in Stealth
  1113 | D:2      | Reached XP level 4. HP: 23/24 MP: 7/7
  1806 | D:2      | Reached XP level 5. HP: 23/28 MP: 8/8
  2084 | D:3      | Reached skill level 6 in Stealth
  2187 | D:3      | Reached XP level 6. HP: 32/32 MP: 9/9
  2232 | D:3      | Found a runed translucent door.
  2232 | D:3      | Noticed twifor's ghost (amateur FoHu)
  2339 | D:3      | Reached skill level 7 in Stealth
  2845 | D:3      | Found a stormy altar of Qazlal.
  2848 | D:3      | Noticed Robin
  2873 | D:3      | HP: 1/33 [poisoned by a goblin]
  2874 | D:3      | Succumbed to a goblin's poison

Illustrated notes

Levels and vault maps discovered:
D:1:      amcnicky_arrival_blooded_trapdoor, layout_loops_cross,
          minmay_misc_feat_more_columns
D:2:      layout_loops_cross, serial_undead, serial_undead_c, serial_undead_c,
          serial_undead_a, serial_undead_a, serial_undead_f, serial_undead_f,
          serial_undead_b, chequers_mini_garden, fountainhead
D:3:      cheibrodos_thug_alley, layout_basic, nicolae_qazlal_scattered_showers,
          hellmonk_ghost_happy_afterlife, hangedman_decor_growths,
          feat_on_display, uniq_robin

Skill      XL: |  1  2  3  4  5  6 |
---------------+-------------------+-----
Short Blades   | 2 3 |  3.7
Stealth        | 5 6 7 |  7.9
Dodging        | 3 |  3.2
Fighting       | |  0.4
Spellcasting   | |  2.5
Hexes          | |  3.4
Ice Magic      | |  0.5

Action                   |  1- 3 |  4- 6 || total
-------------------------+-------+-------++-------
Melee: Dagger            |    92 |   115 ||   207
       Punch             |     1 |       ||     1
 Cast: Ensorcelled Hiber |       |    12 ||    12
  Use: Scroll            |       |     1 ||     1
       Potion            |       |     1 ||     1
 Stab: Sleeping          |    22 |    38 ||    60
       Distracted        |       |     3 ||     3
Armor: Robe              |    11 |    18 ||    29
Dodge: Dodged            |    54 |    65 ||   119
